 Dungeon Crawl Stone Soup version 0.18.1-5-g4a78601 (webtiles) character file.

958 Geppetto the Skirmisher (level 8, -11/84 HPs)
             Began as an Ogre Wizard on May 12, 2016.
             Was an Initiate of Vehumet.
             Mangled by a wight
             ... wielding a +2 scimitar of freezing
              (17 damage)
             ... on level 5 of the Dungeon on May 13, 2016.
             The game lasted 00:35:52 (5197 turns).

Geppetto the Skirmisher (Ogre Wizard)               Turns: 5197, Time: 00:35:53

Health: -11/84     AC:  6    Str: 13    XL:     8   Next: 14%
Magic:  7/25       EV:  9    Int: 19    God:    Vehumet [......]
Gold:   94         SH:  0    Dex:  8    Spells: 5 memorised, 6 levels left

rFire  . . .     SeeInvis .     m - +2 mace (holy)
rCold  . . .     Gourm    .     a - +2 robe
rNeg   . . .     Faith    .     (no shield)
rPois  .         Spirit   .     b - +1 hat
rElec  .         Dismiss  .     (no cloak)
rCorr  .         Reflect  .     (gloves unavailable)
SustAt .         Harm     .     (boots unavailable)
MR     .....                    (no amulet)
Stlth  +.........               y - ring of magical power
                                k - +5 ring of slaying

@: very slightly contaminated, heavily drained, not resistant to hostile
enchantments, very unstealthy
A: unfitting armour, tough skin 1
a: Renounce Religion


You were on level 5 of the Dungeon.
You worshipped Vehumet.
Vehumet was noncommittal.
You were hungry.

You visited 2 branches of the dungeon, and saw 7 of its levels.

You collected 289 gold pieces.
You spent 195 gold pieces at shops.

Inventory:

Hand Weapons
 m - a +2 mace of holy wrath (weapon)
Missiles
 i - 93 stones (quivered)
 u - 16 poisoned needles
Armour
 a - a +2 robe (worn)
 b - a +1 hat (worn)
Jewellery
 f - an uncursed ring of see invisible
 k - a +5 ring of slaying (left hand)
 p - an uncursed ring of ice
 q - an uncursed ring of positive energy
 s - an uncursed ring of protection from fire
 y - a ring of magical power (right hand)
 z - an uncursed ring of protection from magic
Wands
 D - a wand of lightning (5/15)
Scrolls
 e - 2 scrolls of magic mapping
 o - 2 scrolls of amnesia
 r - a scroll of identify
 w - a scroll of remove curse
 A - a scroll of fog
Potions
 g - 2 potions of curing
 j - a potion of flight
 l - a potion of lignification
 n - a potion of experience {unknown}
 x - a potion of might {unknown}
Books
 c - a book of Minor Magic

   Spells                             Type                      Level
   a - Magic Dart                     Conjuration                  1
   b - Blink                          Translocation                2
   c - Call Imp                       Summoning                    2
   d - Repel Missiles                 Charms/Air                   2
   e - Slow                           Hexes                        2
   f - Conjure Flame                  Conjuration/Fire             3
   g - Mephitic Cloud                 Conjuration/Poison/Air       3
Miscellaneous
 C - a plain deck of wonders {drawn: 1}
Comestibles
 d - 3 bread rations
 h - 3 meat rations
 t - 2 beef jerkies
 v - 4 fruits


   Skills:
 + Level 6.5(4.9) Fighting
 - Level 1.7(0.3) Dodging
 - Level 1.5(0.1) Stealth
 * Level 5.3(3.8) Spellcasting
 - Level 3.3(1.8) Conjurations
   Level 0.6(0.0) Summonings
 - Level 0.6(0.0) Translocations
 - Level 3.0(1.5) Air Magic
 - Level 1.1(0.0) Poison Magic


You had 6 spell levels left.
You knew the following spells:

 Your Spells              Type           Power        Failure   Level  Hunger
a - Magic Dart            Conj           ##..         10%         1    None
b - Blink                 Tloc           N/A          24%         2    ##.....
c - Mephitic Cloud        Conj/Pois/Air  #.......     28%         3    ###....
d - Conjure Flame         Conj/Fire      #.......     34%         3    ###....
e - Repel Missiles        Chrm/Air       #.....       17%         2    ##.....


Dungeon Overview and Level Annotations

Branches:
Dungeon (6/15)             Temple (1/1) D:5

Altars:
Ashenzari
Cheibriados
Fedhas
Nemelex Xobeh
Qazlal
Ru
Trog
Vehumet
Xom
Yredelemnul
Zin
The Shining One

Shops:
D:5 =


Innate Abilities, Weirdness & Mutations

You are too large for most types of armour.
You have tough skin (AC +1).


Message History

Confirm with . or Enter, or press ? or * to list all spells.
Aiming: Mephitic Cloud
Press: ? - help, Shift-Dir - straight line, f - wight
Aim: a wight, wielding a scimitar of freezing and wearing a robe (translocational energy)
The ball explodes into a vile cloud!
The stinking cloud engulfs the wight.
Press: ? - help, v - describe, . - travel
Here: a wight, wielding a scimitar of freezing and wearing a robe The floor.
You hit the wight but do no damage.
The wight hits you with a scimitar of freezing!
* * * LOW HITPOINT WARNING * * *
The wight freezes you.
* * * LOW HITPOINT WARNING * * *
You hit the wight.
The wight convulses.
The wight is lightly damaged.
The wight barely misses you.
You barely miss the wight.
The wight is lightly damaged.
The wight hits you with a scimitar of freezing!
You die...

#..............#...#
#..#..#..#..#..#...#
#...............)..#########
###############....##......#
##...##......#
###...##......#
#......#.....[#
#.§§...#......####
#@z%§..+......'...
#......#......####
####..._..###......#
#..'......###......#
#.##...............##
#.######.............
#####......#.............
#..........#...###.......
#.##.......#...# #.......


You could see a wight.

Vanquished Creatures
  Prince Ribbit (D:5)
  Sigmund (D:2)
  A phantom (D:5)
  A scorpion (D:5)
  2 howler monkeys (D:4)
  A crimson imp (D:5)
  2 jellies (D:5)
  A centaur zombie (D:4)
  A hound (D:4)
  An orc wizard (D:4)
  A giant frog skeleton (D:4)
  2 worker ants (D:5)
  Robin (D:4)
  3 adders
  2 worms
  2 giant geckos
  6 orcs
  A ball python (D:2)
  2 giant cockroaches
  12 goblins
  9 hobgoblins
  11 jackals
  4 kobolds (D:1)
  A quokka (D:2)
  7 bats
  3 giant newts
  14 rats
93 creatures vanquished.

Notes
Turn   | Place    | Note
--------------------------------------------------------------
     0 | D:1      | Geppetto the Ogre Wizard began the quest for the Orb.
     0 | D:1      | Reached XP level 1. HP: 16/16 MP: 5/5
   103 | D:1      | Reached skill level 1 in Conjurations
   337 | D:1      | Reached XP level 2. HP: 24/24 MP: 2/6
   686 | D:1      | Reached skill level 1 in Fighting
   856 | D:1      | Reached XP level 3. HP: 33/33 MP: 2/8
   860 | D:1      | Learned a level 2 spell: Blink
   864 | D:1      | Learned a level 3 spell: Mephitic Cloud
   868 | D:1      | Learned a level 3 spell: Conjure Flame
  1483 | D:2      | Noticed Sigmund
  1542 | D:2      | Killed Sigmund
  1542 | D:2      | Reached skill level 3 in Fighting
  1542 | D:2      | Reached XP level 4. HP: 44/48 MP: 2/9
  1542 | D:2      | Reached XP level 5. HP: 50/54 MP: 2/10
  1546 | D:2      | Learned a level 2 spell: Repel Missiles
  2214 | D:3      | Found a basalt altar of Yredelemnul.
  2272 | D:3      | Reached skill level 4 in Fighting
  2389 | D:3      | Found a glowing golden altar of the Shining One.
  2462 | D:3      | Found a sacrificial altar of Ru.
  2487 | D:3      | Reached XP level 6. HP: 62/62 MP: 4/11
  2978 | D:4      | Found a stormy altar of Qazlal.
  3039 | D:4      | Noticed Robin
  3068 | D:4      | Killed Robin
  3291 | D:4      | Found a glowing silver altar of Zin.
  3536 | D:4      | Reached skill level 5 in Spellcasting
  3620 | D:4      | Reached skill level 5 in Fighting
  3620 | D:4      | Reached skill level 1 in Air Magic
  3620 | D:4      | Reached XP level 7. HP: 70/72 MP: 10/14
  3677 | D:5      | Entered Level 5 of the Dungeon
  3818 | D:5      | Noticed Prince Ribbit
  3868 | D:5      | Reached skill level 1 in Poison Magic
  3994 | D:5      | Found a snail-covered altar of Cheibriados.
  4061 | D:5      | HP: 2/72 [worker ant (3)]
  4603 | D:5      | Killed Prince Ribbit
  4603 | D:5      | Reached skill level 6 in Fighting
  4603 | D:5      | Reached XP level 8. HP: 77/83 MP: 13/15
  4609 | D:5      | Found a sparkling altar of Nemelex Xobeh.
  4714 | D:5      | Found Cohima's Jewellery Emporium.
  4719 | D:5      | Bought an uncursed ring of see invisible for 195 gold pieces
  4797 | D:5      | Found a staircase to the Ecumenical Temple.
  4806 | Temple   | Entered the Ecumenical Temple
  4827 | Temple   | Became a worshipper of Vehumet
  5197 | D:5      | Mangled by a wight

Skill      XL: |  1  2  3  4  5  6  7  8 |
---------------+-------------------------+-----
Conjurations   | 1 3 |  3.3
Fighting       | 1 3 4 5 6 |  6.5
Spellcasting   | 5 |  5.3
Air Magic      | 1 2 3 |  3.0
Poison Magic   | 1 |  1.1
Dodging        | |  1.7
Stealth        | |  1.5
Summonings     | |  0.6
Translocations | |  0.6

Action                   |  1- 3 |  4- 6 |  7- 9 || total
-------------------------+-------+-------+-------++-------
Melee: Unarmed           |    17 |       |       ||    17
       Mace              |    34 |    66 |    37 ||   137
Throw: Stone             |     2 |     5 |       ||     7
 Cast: Magic Dart        |    49 |    86 |    69 ||   204
       Mephitic Cloud    |     2 |     3 |    10 ||    15
       Conjure Flame     |     1 |       |     3 ||     4
       Blink             |       |     1 |     3 ||     4
Evoke: Deck              |       |       |     1 ||     1
  Use: Scroll            |     8 |     5 |     5 ||    18
       Potion            |       |       |     3 ||     3
 Stab: Confused          |       |     3 |       ||     3
       Sleeping          |       |       |     1 ||     1
  Eat: Chunk             |     2 |     7 |     1 ||    10
       Bread ration      |       |       |     1 ||     1
Armor: Robe              |    23 |    35 |    11 ||    69
Dodge: Dodged            |    40 |    58 |    22 ||   120
